 Dungeon Crawl Stone Soup version 0.27.1-33-g824d729ab1 (webtiles) character file.

Game seed: 17698391985014399892

27 tkbsonic5 the Conjurer (level 2, -1/20 HPs)
             Began as a Demonspawn Conjurer on Nov 28, 2021.
             Slain by Sigmund (12 damage)
             ... on level 2 of the Dungeon.
             The game lasted 00:04:29 (1211 turns).

tkbsonic5 the Conjurer (Demonspawn Conjurer)        Turns: 1211, Time: 00:04:30

Health: -1/20      AC:  2    Str:  7    XL:     2   Next: 93%
Magic:  0/5        EV: 14    Int: 19    God:
Gold:   50         SH:  0    Dex: 11    Spells: 3/6 levels left

rFire    + . .     SeeInvis .   c - +0 hand axe
rCold    + . .     Faith    .   (no shield)
rNeg     . . .     Spirit   .   a - +0 robe
rPois    +         Reflect  .   (no helmet)
rElec    +         Harm     .   (no cloak)
rCorr    +         Rampage  .   (no gloves)
Will     .....                  (no boots)
Stlth    ++........             (no amulet)
HPRegen  0.06/turn              (no ring)
MPRegen  0.09/turn              (no ring)

@: brilliant, resistant
A: repulsion field 1
a: no special abilities


You were on level 2 of the Dungeon.
You visited 1 branch of the dungeon, and saw 2 of its levels.

You collected 50 gold pieces.

Inventory:

Hand Weapons
 c - a +0 hand axe (weapon)
Armour
 a - a +0 robe (worn)
 f - a +0 scale mail
Scrolls
 e - a scroll of identify
Potions
 b - a potion of resistance
 d - a potion of brilliance


   Skills:
 - Level 0.7 Fighting
 + Level 1.9 Dodging
 - Level 1.7 Stealth
 * Level 2.5 Spellcasting
 * Level 4.3 Conjurations


You had 3 spell levels left.
You knew the following spells:

 Your Spells              Type           Power      Damage    Failure   Level
a - Magic Dart            Conj           100%       1d8       2%          1
b - Searing Ray           Conj           56%        3d5       4%          2

Your spell library contained the following spells:

 Spells                   Type           Power      Damage    Failure   Level
 Dazzling Flash           Conj/Hex       32%        N/A       21%         3
 Fulminant Prism          Conj/Hex       8%         3d7       54%         4
 Iskenderun's Mystic Bla  Conj/Tloc      16%        2d5       54%         4


Dungeon Overview and Level Annotations

Branches:
Dungeon (2/15)

Altars:

Shops:
D:1 =

Annotations:
D:2 Sigmund


Innate Abilities, Weirdness & Mutations

You are surrounded by a mild repulsion field. (EV +2)


Message History

Confirm with . or Enter, or press ? or * to list all spells.
You can't see any susceptible monsters within range! (Use Z to cast anyway.)
Okay, then.
As you read the scroll labelled XEICSI WIBLO, it crumbles to dust.
It is a scroll of identify.
b - 2 potions of resistance You feel protected.
Sigmund gestures at you while chanting. The magic dart hits you!
Casting: Magic Dart (safe; 2% risk of failure)
Confirm with . or Enter, or press ? or * to list all spells.
You can't see any susceptible monsters within range! (Use Z to cast anyway.) It was a potion of brilliance.
You feel clever all of a sudden.
Casting: Magic Dart (safe; 2% risk of failure)
Confirm with . or Enter, or press ? or * to list all spells.
Aiming: Searing Ray (safe; 4% risk of failure)
Press: ? - help, Shift-Dir - straight line, f - Sigmund
Aim: Sigmund, wielding a +0 scythe and wearing a +0 robe (77% to hit)
You feel a surge of power!
The searing ray hits Sigmund!
Sigmund is moderately wounded. (Press . to maintain the ray.)
The searing ray misses Sigmund.
The searing ray hits Sigmund!
Sigmund is severely wounded.
Sigmund hits you from afar with a +0 scythe.
The searing ray hits Sigmund.
Sigmund is almost dead.
You finish channeling your searing ray.
Casting: Searing Ray (safe; 4% risk of failure)
Confirm with . or Enter, or press ? or * to list all spells.
Aiming: Magic Dart (safe; 2% risk of failure)
Press: ? - help, Shift-Dir - straight line, f/p - Sigmund
Aim: Sigmund, wielding a +0 scythe and wearing a +0 robe (almost dead, 100% to hit)
You feel a surge of power!
The magic dart hits Sigmund.
Sigmund is almost dead.
Sigmund barely misses you. Sigmund hits you with a +0 scythe!
Ouch! That really hurt!
You die...

##################
#.....@@..........
#.#######)..########
#...........
#######.##########.
..†........<>......
..........########.
##.######.# .. ..#
####


You could see Sigmund.

Vanquished Creatures
  5 ball pythons
  2 bats (D:1)
  2 endoplasms (D:1)
  A giant cockroach (D:1)
  3 goblins
  4 hobgoblins (D:1)
  3 jackals (D:1)
  A frilled lizard (D:1)
  2 rats (D:1)
23 creatures vanquished.

Notes
Turn   | Place    | Note
-------+----------+-------------------------------------------
     0 | D:1      | tkbsonic5 the Demonspawn Conjurer began the quest for the
                  | Orb.
     0 | D:1      | Reached XP level 1. HP: 13/13 MP: 3/3
   356 | D:1      | Gained mutation: You are surrounded by a mild repulsion
                  | field. (EV +2) [demonic ancestry]
   356 | D:1      | Reached XP level 2. HP: 20/20 MP: 3/5
   405 | D:1      | Learned a level 2 spell: Searing Ray
   814 | D:1      | Found Tofa Goc's Jewellery Shoppe.
   974 | D:1      | Found a faded altar of an unknown god.
  1202 | D:2      | Noticed Sigmund
  1211 | D:2      | Slain by Sigmund

Illustrated notes

Levels and vault maps discovered:
D:1:      scummos_arrival_hexagon, layout_basic,
          dilly_ecumenical_altar_fadedgnrine, serial_shops, shop
D:2:      layout_basic, serial_shops, shop, nicolae_shop_overgrown_old_shop,
          shop, shop_scrolls, nicolae_shop_behind_doors, grunt_decor_arrowhead,
          uniq_sigmund

Action                   || total
-------------------------++-------
Melee: Unarmed           ||    10
       Hand axe          ||    12
 Cast: Magic Dart        ||    39
       Searing Ray       ||     5
  Use: Scroll            ||     2
       Potion            ||     2
Armor: Robe              ||    10
Dodge: Dodged            ||    26
